Map: [ESL] Oceanborn

Players

soO - Winner!

  • Race: Zerg Zerg
  • Spawn Location: 5:00

Harstem

  • Race: Protoss Protoss
  • Spawn Location: 11:00

Event: ESL Spring 2024 Finals

VOD

Have the link to the VOD?

Description

Time

  • Played on: May 31, 2024, 9:05 p.m.
  • Length: 25:19

All games in this series

Show
View Real Time Build Order
Export as new Build Order

soO Zerg - Winner!

Build Orders: Hatch First 

Get SALT Encoding   

  12  0:00  Drone  
  13  0:11  Overlord  
  13  0:16  Drone  
  14  0:30  Drone x2  
  16  0:46  Drone  
  17  0:52  Hatchery  
  17  0:54  Drone  
  17  0:57  Drone  
  18  1:08  Extractor  
  17  1:12  Spawning Pool  
  17  1:16  Drone  
  17  1:18  Drone  
  18  1:28  Drone  
  19  1:38  Drone  
  20  1:48  Overlord  
  20  1:59  Queen  
  22  2:04  Zergling x2, Queen  
  22  2:05  Zergling x2  
  26  2:10  Drone  
  26  2:13  Metabolic Boost  
  26  2:15  Drone  
  28  2:23  Drone  
  28  2:26  Drone  
  30  2:33  Drone  
  31  2:39  Queen  
  33  2:47  Hatchery  
  33  2:48  Zergling x2  
  33  2:50  Overlord  
  33  2:55  Zergling x2  
  33  2:58  Overlord  
  34  3:01  Zergling x2  
  34  3:04  Zergling x2  
  36  3:08  Queen  
  36  3:09  Drone  
  36  3:11  Drone  
  40  3:13  Drone  
  40  3:18  Drone x2  
  42  3:21  Drone  
  42  3:22  Drone  
  44  3:28  Queen  
  44  3:32  Overlord  
  46  3:38  Drone x2  
  48  3:47  Queen  
  48  3:49  Drone  
  48  3:50  Drone x2  
  48  3:54  Drone  
  52  3:57  Spore Crawler  
  52  4:01  Drone  
  52  4:02  Queen  
  54  4:09  Drone x3  
  57  4:11  Drone x3  
  57  4:12  Evolution Chamber  
  57  4:15  Drone  
  60  4:19  Overlord  
  60  4:21  Drone x2  
  62  4:28  Drone x3  
  64  4:31  Overlord  
  64  4:37  Drone x5  
  67  4:42  Drone, Zerg Melee Weapons Level 1  
  68  4:47  Drone  
  69  4:53  Drone x3  
  69  4:57  Drone  
  69  4:58  Drone x2  
  69  4:59  Spore Crawler  
  74  5:01  Drone  
  75  5:08  Roach Warren  
  75  5:10  Drone x3  
  75  5:11  Hatchery  
  75  5:13  Drone x2  
  78  5:15  Drone x3  
  78  5:18  Lair  
  78  5:20  Extractor  
  80  5:21  Overlord  
  80  5:22  Overlord  
  80  5:25  Extractor  
  80  5:26  Overlord  
  80  5:28  Overlord  
  79  5:30  Zergling x4  
  79  5:32  Spore Crawler  
  76  5:44  Queen x2  
  76  5:46  Zergling x16  
  88  5:51  Overlord  
  88  5:55  Drone x4  
  88  5:56  Drone  
  93  5:57  Drone x2  
  93  5:58  Extractor x2  
  93  6:04  Drone x2  
  95  6:06  Drone  
  96  6:11  Drone  
  96  6:13  Drone  
  98  6:20  Drone x2  
  98  6:23  Overlord  
  100  6:27  Overlord  
  100  6:29  Hydralisk Den  
  100  6:30  Zergling x6  
  100  6:31  Zergling x12  
  105  6:35  Hydralisk Den  
  105  6:36  Drone x2  
  105  6:38  Drone  
  107  6:40  Drone  
  107  6:45  Zergling x2  
  107  6:46  Zergling x2, Overseer  
  110  6:51  Zergling x10  
  110  6:54  Hatchery  
  114  7:03  Grooved Spines  
  114  7:08  Drone x4  
  116  7:09  Drone  
  116  7:10  Spore Crawler  
  116  7:12  Muscular Augments  
  116  7:13  Drone  
  116  7:15  Baneling Nest  
  118  7:16  Hydralisk x10  
  136  7:29  Overlord x2  
  135  7:30  Drone x3  
  135  7:33  Extractor  
  135  7:35  Extractor  
  136  7:38  Overlord x4  
  136  7:42  Overlord  
  136  7:43  Overlord  
  136  7:49  Zerg Melee Weapons Level 2  
  136  7:52  Drone  
  136  7:53  Hydralisk x2  
  136  7:54  Zergling x12  
  136  7:55  Evolution Chamber  
  136  7:58  Drone  
  147  8:03  Centrifugal Hooks  
  146  8:06  Zergling x14, Extractor  
  146  8:07  Infestation Pit  
  151  8:13  Zergling x16  
  151  8:14  Drone x2  
  151  8:15  Drone  
  162  8:21  Drone  
  162  8:24  Zergling x8  
  162  8:25  Drone x2  
  162  8:26  Drone  
  170  8:31  Zerg Missile Weapons Level 1  
  170  8:33  Drone x3  
  173  8:35  Zergling x6  
  173  8:40  Zergling x2  
  173  8:41  Zergling x10  
  182  8:43  Hive  
  182  8:48  Zergling x10  
  183  9:02  Zergling x20  
  192  9:09  Baneling x5  
  189  9:10  Baneling x23  
  189  9:13  Zergling x22  
  200  9:24  Baneling x10  
  200  9:25  Baneling x14  
  200  9:31  Baneling x11  
  200  9:35  Overlord  
  200  9:38  Spire  
  145  10:00  Zergling x28  
  145  10:02  Adrenal Glands  
  145  10:04  Queen  
  156  10:09  Zergling x2  
  156  10:10  Zergling x30  
  172  10:15  Zerg Melee Weapons Level 3  
  172  10:18  Zergling x24  
  179  10:29  Baneling x14  
  179  10:30  Zergling x18  
  168  10:44  Zerg Missile Weapons Level 2  
  168  10:46  Zergling x24  
  180  10:51  Baneling x10  
  159  11:09  Greater Spire  
  158  11:14  Baneling  
  158  11:15  Baneling x2  
  158  11:17  Zergling x18  
  158  11:18  Zergling x8  
  171  11:19  Corruptor x7  
  171  11:25  Hatchery  
  179  11:45  Queen  
  176  11:50  Corruptor  
  176  11:51  Corruptor x4  
  182  12:06  Hatchery  
  181  12:08  Baneling x18  
  181  12:09  Baneling x4, Zergling x34  
  198  12:18  Ultralisk Cavern  
  192  12:24  Zergling x20  
  192  12:27  Baneling  
  198  12:36  Overseer  
  198  12:37  Drone  
  199  12:46  Baneling x3  
  199  12:59  Baneling x3  
  199  13:00  Baneling x8  
  199  13:01  Zerg Ground Armor Level 1  
  199  13:04  Chitinous Plating, Overseer x2  
  199  13:18  Zergling x6  
  199  13:25  Extractor  
  199  13:26  Baneling x4, Extractor  
  199  13:27  Baneling  
  197  13:37  Zergling x8  
  197  13:39  Baneling x10  
  165  13:52  Zergling x2, Ultralisk x4  
  165  13:53  Zergling x72  
  165  13:55  Pneumatized Carapace  
  200  13:59  Overlord  
  200  14:05  Zerg Missile Weapons Level 3  
  200  14:14  Baneling x4  
  200  14:15  Baneling x3  
  200  14:23  Anabolic Synthesis  
  148  14:33  Zergling x12, Ultralisk x3  
  148  14:34  Zergling x48  
  194  14:39  Zergling x10  
  199  14:53  Baneling x10  
  199  14:54  Baneling x2  
  199  15:00  Baneling x6  
  199  15:03  Drone  
  200  15:08  Baneling x10  
  183  15:21  Zerg Flyer Weapons Level 1, Zerg Ground Armor Level 2  
  183  15:23  Zergling x20, Ultralisk  
  198  15:48  Drone x2  
  198  15:49  Drone  
  190  15:52  Zergling x20  
  194  16:09  Zergling x10  
  196  16:27  Drone  
  191  17:01  Brood Lord x4  
  197  17:09  Brood Lord  
  199  17:21  Brood Lord  
  198  17:24  Spine Crawler x2  
  198  17:28  Brood Lord  
  197  17:32  Spine Crawler  
  197  17:33  Spine Crawler  
  191  17:42  Drone x7  
  192  17:48  Zergling x14  
  192  17:49  Overseer  
  197  18:07  Drone  
  197  18:08  Drone  
  197  18:11  Overseer  
  197  18:12  Zerg Flyer Weapons Level 2  
  172  18:39  Overlord  
  172  18:40  Overseer x2, Overlord  
  150  18:47  Zergling x54  
  150  18:48  Zergling x44  
  179  18:50  Zergling x6, Ultralisk x2  
  179  18:52  Overlord x2  
  179  18:53  Overseer x2  
  179  18:55  Baneling x6  
  194  18:56  Overseer  
  194  18:59  Zergling x8  
  198  19:05  Hatchery  
  198  19:09  Baneling x4  
  129  19:27  Ultralisk  
  129  19:28  Zergling x26, Ultralisk x2  
  129  19:30  Ultralisk  
  129  19:31  Ultralisk  
  137  19:34  Ultralisk x3  
  137  19:37  Queen  
  159  19:39  Zergling x2  
  159  19:42  Zergling x8  
  162  19:50  Ultralisk  
  162  19:55  Zergling x6  
  162  19:57  Overlord x2  
  162  19:59  Overlord  
  165  20:05  Overlord x4  
  162  20:11  Overlord  
  162  20:15  Overlord  
  162  20:16  Overlord  
  162  20:19  Zergling x4  
  159  20:23  Zergling x2  
  157  20:28  Zergling x4  
  155  20:36  Zergling x2  
  152  20:53  Zergling x10  
  139  21:05  Zergling x12  
  139  21:10  Hatchery  
  144  21:12  Zergling x4  
  144  21:17  Zergling x2  
  147  21:25  Zergling x4  
  150  21:30  Baneling x14  
  150  21:32  Zergling x6  
  153  21:34  Hatchery, Queen  
  153  21:36  Queen  
  156  21:44  Baneling x9, Zergling x2  
  156  21:45  Zergling x8  
  161  21:50  Zergling x2  
  161  21:51  Zergling x4  
  162  22:01  Zergling x4  
  162  22:07  Hatchery  
  161  22:08  Zergling x8  
  161  22:12  Zergling x6  
  168  22:23  Zergling x6  
  168  22:25  Overseer x2  
  163  22:31  Baneling x6  
  163  22:32  Baneling  
  163  22:36  Zergling x12  
  155  23:15  Hydralisk x6  
  155  23:16  Zergling x10  
  155  23:18  Baneling x18  
  178  23:29  Zergling x2, Hydralisk  
  178  23:30  Zergling x4  
  175  23:36  Hydralisk  
  175  23:37  Hydralisk x2  
  180  23:45  Hydralisk x2  
  171  23:59  Infestor x2  
  171  24:00  Infestor x2  
  177  24:10  Hydralisk x3  
  183  24:22  Hydralisk  
  183  24:23  Zergling x4  
  187  24:24  Overseer  
  183  24:46  Zergling x14  
Show
View Real Time Build Order
Export as new Build Order

Harstem Protoss 

Build Orders: 1 Gate Expand, Oracle Opening, Archon Immortal 

Get SALT Encoding   

  12  0:00  Probe  
  13  0:12  Probe  
  14  0:17  Pylon  
  14  0:24  Probe (Chrono Boost)  
  15  0:37  Probe (Chrono Boost)  
  15  0:38  Gateway  
  16  0:45  Probe (Chrono Boost)  
  16  0:48  Assimilator  
  17  0:51  Probe  
  18  1:03  Probe  
  19  1:15  Probe  
  20  1:25  Nexus  
  20  1:35  Cybernetics Core  
  20  1:36  Probe  
  21  1:43  Assimilator  
  21  1:48  Probe  
  21  1:51  Pylon  
  22  2:00  Probe  
  23  2:08  Adept (Chrono Boost)  
  23  2:12  Probe  
  26  2:23  Stargate  
  26  2:24  Probe  
  26  2:29  Adept (Chrono Boost)  
  27  2:36  Warp Gate, Probe  
  30  2:37  Probe  
  31  2:49  Probe x2  
  33  2:54  Adept  
  35  3:01  Probe x2  
  37  3:05  Oracle (Chrono Boost)  
  40  3:13  Probe  
  40  3:14  Pylon, Probe  
  42  3:25  Probe  
  42  3:26  Probe  
  44  3:27  Gateway  
  44  3:33  Oracle (Chrono Boost)  
  44  3:37  Probe  
  44  3:40  Pylon  
  48  3:49  Nexus  
  48  3:51  Probe  
  48  3:54  Probe  
  50  4:02  Oracle (Chrono Boost)  
  50  4:03  Probe  
  50  4:08  Probe  
  55  4:14  Assimilator  
  55  4:15  Probe  
  56  4:17  Assimilator, Pylon  
  56  4:19  Forge  
  56  4:20  Probe  
  57  4:28  Probe (Chrono Boost)  
  58  4:33  Probe (Chrono Boost)  
  59  4:44  Robotics Facility, Probe (Chrono Boost)  
  59  4:45  Probe (Chrono Boost)  
  61  4:46  Twilight Council  
  61  4:47  Shield Battery  
  61  4:49  Adept x2, Probe (Chrono Boost)  
  61  4:51  Probe (Chrono Boost)  
  67  4:59  Probe (Chrono Boost)  
  68  5:01  Protoss Ground Weapons Level 1  
  68  5:03  Probe (Chrono Boost)  
  70  5:09  Probe (Chrono Boost)  
  70  5:10  Adept x2, Probe (Chrono Boost)  
  70  5:12  Probe (Chrono Boost)  
  76  5:15  Probe (Chrono Boost)  
  76  5:17  Probe x2 (Chrono Boost)  
  76  5:20  Pylon  
  79  5:23  Charge  
  82  5:28  Pylon  
  82  5:29  Probe (Chrono Boost)  
  82  5:31  Probe (Chrono Boost)  
  82  5:33  Probe (Chrono Boost)  
  82  5:36  Probe (Chrono Boost)  
  82  5:39  Probe (Chrono Boost)  
  82  5:40  Probe (Chrono Boost)  
  85  5:43  Probe  
  85  5:46  Assimilator, Immortal (Chrono Boost)  
  85  5:49  Probe  
  91  5:51  Assimilator  
  91  5:52  Probe  
  91  5:54  Templar Archives  
  93  5:58  Pylon  
  93  6:01  Gateway  
  93  6:04  Gateway, Probe  
  94  6:06  Gateway  
  94  6:07  Probe, Pylon  
  94  6:17  Zealot, Sentry  
  100  6:19  Immortal (Chrono Boost)  
  100  6:22  Gateway  
  100  6:24  Gateway  
  102  6:26  Gateway  
  102  6:27  Probe  
  102  6:29  Probe  
  98  6:33  Probe  
  98  6:36  Pylon  
  98  6:38  Psionic Storm  
  98  6:39  Probe  
  100  6:41  High Templar x2  
  100  6:46  Photon Cannon  
  104  6:53  Nexus, Archon  
  104  6:55  Pylon  
  104  6:57  Phoenix  
  104  7:00  Probe  
  107  7:02  Probe  
  107  7:04  High Templar  
  107  7:05  High Templar  
  107  7:07  Zealot  
  114  7:12  Probe  
  114  7:13  Probe  
  114  7:14  Probe  
  114  7:15  Immortal  
  121  7:17  Pylon  
  121  7:19  Pylon  
  121  7:20  Pylon  
  121  7:22  High Templar  
  122  7:25  Probe  
  122  7:27  Shield Battery  
  122  7:28  Photon Cannon  
  123  7:30  Gateway x2  
  123  7:36  High Templar x2  
  127  7:44  Probe  
  127  7:47  Pylon, Photon Cannon  
  128  7:51  Zealot x2  
  128  7:55  High Templar x2  
  128  7:57  Zealot x2  
  138  8:02  Archon  
  138  8:05  Immortal (Chrono Boost)  
  140  8:12  Zealot x3  
  146  8:13  Probe  
  146  8:14  Assimilator  
  146  8:16  Pylon  
  146  8:18  Assimilator  
  147  8:24  High Templar x2  
  151  8:29  Probe  
  151  8:32  Protoss Ground Weapons Level 2 (Chrono Boost)  
  151  8:33  Forge  
  150  8:35  Gateway, Probe  
  150  8:36  Probe  
  150  8:37  Warp Prism (Chrono Boost), Photon Cannon  
  150  8:38  Probe  
  150  8:39  Gateway  
  155  8:41  Probe  
  155  8:43  Archon  
  155  8:46  Zealot x4  
  164  8:51  High Templar x2  
  164  8:55  Archon  
  164  8:59  Zealot x4  
  166  9:07  Immortal (Chrono Boost)  
  166  9:08  High Templar x2  
  162  9:11  Zealot x2  
  166  9:17  Archon  
  166  9:25  Zealot x6  
  178  9:31  Fleet Beacon  
  178  9:33  Shield Battery  
  178  9:35  Pylon  
  178  9:39  Stalker x2, Sentry  
  178  9:40  Protoss Air Weapons Level 1 (Chrono Boost), Stalker, Pylon  
  178  9:41  Stalker  
  167  9:53  Zealot x6  
  167  9:56  Probe  
  167  9:59  High Templar  
  174  10:02  Stalker  
  174  10:05  Stargate  
  168  10:09  Warp Prism (Chrono Boost)  
  168  10:10  Gateway  
  170  10:16  Photon Cannon  
  170  10:17  Stalker  
  170  10:18  Photon Cannon  
  170  10:19  Mothership (Chrono Boost)  
  178  10:23  Zealot x2  
  178  10:24  Zealot, Protoss Shields Level 1 (Chrono Boost)  
  180  10:39  Probe  
  177  10:42  High Templar  
  177  10:43  High Templar  
  177  10:45  Archon  
  177  10:46  Carrier (Chrono Boost)  
  177  10:49  Gateway  
  177  10:55  Stalker x4  
  183  11:03  Probe  
  184  11:05  Pylon, Photon Cannon  
  184  11:06  Photon Cannon  
  190  11:19  Observer (Chrono Boost), Pylon  
  190  11:23  Carrier (Chrono Boost)  
  191  11:27  Protoss Ground Weapons Level 3  
  187  11:40  Probe  
  187  11:42  Probe  
  187  11:44  Photon Cannon  
  187  11:45  Photon Cannon  
  187  11:47  Pylon  
  187  11:48  Probe  
  187  11:50  Pylon  
  187  11:51  Photon Cannon  
  187  11:54  Carrier (Chrono Boost)  
  176  11:56  Photon Cannon  
  176  12:00  Zealot x9, Protoss Air Weapons Level 2 (Chrono Boost)  
  194  12:26  High Templar x2  
  189  12:34  Archon  
  189  12:44  High Templar  
  189  12:45  High Templar x2  
  189  12:46  High Templar  
  197  12:52  Photon Cannon  
  197  12:53  Archon  
  197  12:54  Gateway, Archon  
  197  12:55  Photon Cannon  
  197  12:56  Observer (Chrono Boost), Pylon  
  197  12:58  Gateway  
  198  13:00  Pylon  
  198  13:01  Pylon  
  192  13:09  High Templar x4  
  191  13:14  Archon x2  
  191  13:20  High Templar x2  
  191  13:22  Warp Prism (Chrono Boost)  
  191  13:24  Archon  
  191  13:25  Photon Cannon  
  197  13:27  Zealot, Photon Cannon  
  197  13:28  Photon Cannon  
  171  13:53  High Templar x4  
  165  14:00  Zealot x9  
  165  14:02  Immortal (Chrono Boost)  
  175  14:27  Zealot x6, Stalker x7  
  176  14:33  Blink (Chrono Boost)  
  176  14:35  Protoss Ground Armor Level 1  
  176  14:36  Protoss Shields Level 2  
  177  14:50  Robotics Facility  
  175  14:55  Observer (Chrono Boost)  
  175  14:56  Robotics Facility  
  172  15:04  Immortal (Chrono Boost)  
  167  15:28  Mothership (Chrono Boost)  
  167  15:36  Zealot x2  
  167  15:40  Immortal (Chrono Boost)  
  169  15:45  Immortal (Chrono Boost)  
  155  16:01  High Templar x3  
  155  16:02  High Templar  
  161  16:04  High Templar x2  
  161  16:09  Archon x2  
  163  16:13  Immortal (Chrono Boost)  
  165  16:22  Stalker  
  165  16:23  Stalker x6  
  173  16:36  Zealot x4  
  173  16:37  Immortal (Chrono Boost)  
  180  16:51  Immortal (Chrono Boost)  
  180  16:52  Observer (Chrono Boost), Nexus  
  179  16:55  Zealot x9, Pylon  
  195  17:04  Observer (Chrono Boost)  
  196  17:15  Zealot x2  
  200  17:23  Pylon  
  200  17:24  Photon Cannon  
  200  17:26  Photon Cannon  
  200  17:27  Photon Cannon  
  192  17:31  Assimilator  
  192  17:34  High Templar x4  
  200  17:38  Protoss Ground Armor Level 2  
  200  17:44  Archon x3  
  184  17:51  Dark Shrine  
  178  18:05  Probe  
  183  18:17  Stalker x2  
  139  18:36  Stalker x5  
  149  18:48  High Templar x2  
  149  18:49  High Templar x2  
  149  18:53  Archon  
  157  19:02  Archon  
  121  19:29  High Templar  
  121  19:30  Zealot x5, High Templar  
  117  19:34  Archon  
  117  19:47  Dark Templar  
  109  20:06  Observer, Archon  
  109  20:10  Dark Templar  
  111  20:16  Immortal (Chrono Boost)  
  115  20:21  High Templar x2  
  115  20:26  Archon  
  113  20:52  Immortal (Chrono Boost)  
  113  20:56  High Templar x2  
  112  20:57  Zealot x2  
  116  21:16  Archon  
  116  21:20  Immortal (Chrono Boost)  
  121  21:34  Observer x2 (Chrono Boost)  
  125  21:50  Immortal (Chrono Boost)  
  125  21:52  Observer  
  125  22:06  Immortal (Chrono Boost)  
  125  22:14  Observer  
  125  22:18  Immortal (Chrono Boost)  
  133  22:48  Immortal (Chrono Boost)  
  127  23:03  Observer  
  127  23:12  Immortal (Chrono Boost)  
  125  23:17  Dark Templar  
  129  23:43  Immortal  
  127  24:04  Observer  
  128  24:12  Zealot x2  
  132  24:36  Observer  
  130  25:06  Archon  
Tags
 
Add a new tag
Caveats
  • Supply blocks, unpowered buildings, or Contaminate may cause inaccurate times.
  • Supply counts are checked every 10 seconds.